 Dungeon Crawl Stone Soup version 0.31.0-11-ge490571c62 (webtiles) character file.

Game seed: 6578889120368817307

15 Bravepunisher the Ducker (level 2, -9/16 HPs)
             Began as a Spriggan Monk on Jan 28, 2024.
             Mangled by a gnoll
             ... wielding a +0 whip of electrocution
              (12 damage)
             ... on level 3 of the Dungeon.
             The game lasted 00:02:34 (527 turns).

Bravepunisher the Ducker (Spriggan Monk)             Turns: 527, Time: 00:02:36

Health: -9/16      AC:  2    Str:  7    XL:     2   Next: 34%
Magic:  3/3        EV: 19    Int: 11    God:
Gold:   80         SH:  0    Dex: 17    Spells: 1/1 levels left

rFire   . . .        f - +2 short sword (elec)
rCold   . . .        (no shield)
rNeg    . . .        b - +0 robe
rPois   .            (helmet restricted)
rElec   .            (no cloak)
rCorr   .            (gloves unavailable)
SInv    +            (boots unavailable)
Will    .....        (no amulet)
Stlth   ++           (no ring)
HPRegen 0.22/turn    (no ring)
MPRegen 0.08/turn

%: no passive effects
@: very quick
A: very small, no large weapons, unfitting armour, see invisible, speed 3
a: no special abilities


You were on level 3 of the Dungeon.
You visited 1 branch of the dungeon, and saw 3 of its levels.

You collected 80 gold pieces.

Inventory:

Hand Weapons
 f - a +2 short sword of electrocution (weapon)
Armour
 b - a +0 robe (worn)
Wands
 e - a wand of flame (27)
Scrolls
 d - a scroll of identify
Potions
 c - a potion of ambrosia


   Skills:
 * Level 2.9 Fighting
 - Level 3.2 Short Blades
 + Level 4.3 Dodging


You had one spell level left.
You didn't know any spells.
Your spell library was empty.

Dungeon Overview and Level Annotations

Branches:
Dungeon (3/15)

Altars:

Annotations:
D:2 Robin


Innate Abilities, Weirdness & Mutations

You are very small and have problems with some larger weapons.
You are too small for most types of armour.
You have supernaturally acute eyesight. (SInv)
You cover ground extremely quickly. (Speed+++)


Message History

You feel sick. The bat misses you.
You feel sick.
You feel sick. The bat attacks as it pursues you! The bat misses you.
You feel sick.
You are no longer poisoned.
The bat misses you. The bat attacks as it pursues you!
The bat completely misses you. The bat closely misses you.
The bat completely misses you.
You hit the bat.
You kill the bat!
Found 17 gold pieces.
A bat comes into view.
You open the door.
There is an open door here. 2 gnolls come into view.
A gnoll is wielding a +0 whip of electrocution.
Found a leather armour.
You close the door.
The gnoll shouts!
You open the door.
The gnoll shouts!
There is an open door here.
You close the door.
Okay, then.
A gnoll opens the door.
As you read the scroll labelled JEXAXZ ESYDIE, it crumbles to dust.
It is a scroll of identify.
You don't currently have any unidentified items. 2 gnolls come into view.
The gnoll shouts!
Okay, then.
You hit the gnoll. Your punch misses the gnoll.
The gnoll is moderately wounded.
The gnoll hits you with a +0 whip of electrocution.
* * * LOW HITPOINT WARNING * * *
You are electrocuted!
Ouch! That really hurt!
You die...

#.######..## #
#..##.# #.....#
##+#### ##...##
##.....## ##
#.......## ##.##
#......g..####...##
+.........gg@.....#
#...g.g...####...##
##.......## ##.##
.[......## ##
####...## ##.# #. .


You could see 4 gnolls.

Vanquished Creatures
  An orc (D:3)
  3 ball pythons (D:3)
  4 bats (D:3)
  An endoplasm (D:3)
  A giant cockroach (D:3)
  A jackal (D:3)
  A frilled lizard (D:3)
  A rat (D:3)
13 creatures vanquished.

Notes
Turn   | Place    | Note
-------+----------+-------------------------------------------
     0 | D:1      | Bravepunisher the Spriggan Monk began the quest for the
                  | Orb.
     0 | D:1      | Reached XP level 1. HP: 11/11 MP: 2/2
    29 | D:2      | Noticed Robin
   127 | D:3      | Identified the +3 leather armour of Iniyrolo {Will+++
                  | Regen+ Str+3 Int+2}
   421 | D:3      | Reached XP level 2. HP: 16/16 MP: 3/3
   462 | D:3      | Noticed a water moccasin
   527 | D:3      | Mangled by a gnoll

Illustrated notes

Levels and vault maps discovered:
D:1:      minmay_arrival_open_corners, layout_loops_cross
D:2:      layout_basic, basic_altar, uniq_robin
D:3:      minmay_diamond_boxcup, layout_loops_corners, minmay_misc_feat_encased,
          minivault_25

Action                     || total
---------------------------++-------
  Melee: Short sword       ||    25
  Evoke: Wand              ||     1
    Use: Scroll            ||     1
         Potion            ||     1
   Stab: Sleeping          ||     1
 Armour: Robe              ||    11
  Dodge: Dodged            ||    32
